 Dungeon Crawl Stone Soup version 0.29.0-13-gc9e81de378 (webtiles) character file.

Game seed: 4659012636931266201

2310 ILmort the Skirmisher (level 9, -2/71 HPs)
             Began as a Gnoll Hunter on Sept 10, 2022.
             Was an Initiate of Hepliaklqana.
             Succumbed to a hornet's poison
             ... on level 7 of the Dungeon.
             The game lasted 00:17:05 (6081 turns).

ILmort the Skirmisher (Gnoll Hunter)                Turns: 6081, Time: 00:17:05

Health: -2/71      AC: 11    Str: 11    XL:     9   Next: 41%
Magic:  15/15      EV: 15    Int: 13    God:    Hepliaklqana [......]
Gold:   273        SH:  0    Dex: 19    Spells: 13/16 levels left

rFire   + . .      SeeInvis .   a - +0 longbow
rCold   + . .      Faith    .   (shield currently unavailable)
rNeg    + . .      Spirit   .   D - +2 leather armour {rF+}
rPois   .          Reflect  .   t - +0 helmet
rElec   .          Harm     .   v - +0 cloak
rCorr   .          Rampage  .   (no gloves)
Will    .....                   y - +2 pair of boots
Stlth   +++.......              i - amulet of magic regeneration
HPRegen 0.21/turn               d - ring of Ynnul {rC+ rN+ Int+4}
MPRegen 0.54/turn               (no ring)

@: lethally poisoned (-2 -> -19), slowed, very slow
A: fangs 1, strong nose, distributed training
a: Renounce Religion


You were on level 7 of the Dungeon.
You worshipped Hepliaklqana.
Hepliaklqana was noncommittal.
You visited 2 branches of the dungeon, and saw 8 of its levels.

You collected 273 gold pieces.

Inventory:

Hand Weapons
 a - a +0 longbow (weapon)
 b - the +8 morningstar "Ymiacof" {freeze, rC- Will++ Int+3}
   (You found it on level 2 of the Dungeon)

   It freezes those it strikes, dealing additional cold damage.
   It can also slow down cold-blooded creatures.
   Int:       It affects your intelligence (+3).
   rC:        It makes you vulnerable to cold.
   Will:      It greatly increases your willpower.
 j - a +0 shortbow
Missiles
 m - 4 atropa-tipped darts
 u - a throwing net
Armour
 c - a +0 leather armour
 t - a +0 helmet (worn)
 v - a +0 cloak (worn)
 y - a +2 pair of boots (worn)
 D - a +2 leather armour of fire resistance (worn)
Jewellery
 d - the ring of Ynnul (left hand) {rC+ rN+ Int+4}
   (You acquired it on level 7 of the Dungeon)

   [ring of positive energy]

   Int:       It affects your intelligence (+4).
   rC:        It protects you from cold.
   rN:        It protects you from negative energy.
 i - an amulet of magic regeneration (around neck)
 l - a ring of ice
Wands
 n - a wand of flame (41)
Scrolls
 e - 3 scrolls of teleportation
 g - a scroll of torment
 h - 5 scrolls of fear {unknown}
 k - a scroll of amnesia
 p - a scroll of immolation
 r - 2 scrolls of vulnerability
 A - a scroll of noise
 B - a scroll of poison {unknown}
 C - a scroll of brand weapon {unknown}
 E - a scroll of magic mapping {unknown}
 G - a scroll of enchant weapon {unknown}
Potions
 f - a potion of might {unknown}
 o - 3 potions of degeneration {unknown}
 q - 2 potions of attraction {unknown}
 w - 4 potions of curing {unknown}
 x - 2 potions of ambrosia {unknown}
 z - a potion of heal wounds {unknown}
 F - a potion of haste {unknown}
 H - a potion of mutation {unknown}


   Skills:
 + Level 6.4 Fighting
 + Level 4.4 Short Blades
 + Level 4.4 Long Blades
 + Level 4.4 Axes
 + Level 4.4 Maces & Flails
 + Level 4.4 Polearms
 + Level 4.4 Staves
 + Level 9.6 Ranged Weapons
 + Level 4.4 Throwing
 + Level 4.4 Armour
 + Level 6.4 Dodging
 + Level 5.0 Stealth
 + Level 4.4 Shields
 + Level 4.4 Unarmed Combat
 + Level 4.4 Spellcasting
 + Level 3.6 Conjurations
 + Level 3.6 Hexes
 + Level 3.6 Summonings
 + Level 3.6 Necromancy
 + Level 3.6 Translocations
 + Level 3.6 Transmutations
 + Level 3.6 Fire Magic
 + Level 3.6 Ice Magic
 + Level 3.6 Air Magic
 + Level 3.6 Earth Magic
 + Level 3.6 Poison Magic
 + Level 4.8 Invocations
 + Level 4.4 Evocations


You had 13 spell levels left.
You knew the following spells:

 Your Spells              Type           Power      Damage    Failure   Level
a - Gell's Gravitas       Tloc           12%        N/A       17%         3

Your spell library contained the following spells:

 Spells                   Type           Power      Damage    Failure   Level
 Lesser Beckoning         Tloc           12%        N/A       17%         3
 Teleport Other           Tloc           12%        N/A       17%         3


Dungeon Overview and Level Annotations

Branches:
Dungeon (7/15)             Temple (1/1) D:6

Altars:
Ashenzari
Cheibriados
Dithmenos
Elyvilon
Fedhas
Gozag
Hepliaklqana
Makhleb
Nemelex Xobeh
Okawaru
Qazlal
Sif Muna
Trog
Uskayaw
Wu Jian
Yredelemnul
Zin

Annotations:
D:7 kthxbai's ghost, novice DEEE


Innate Abilities, Weirdness & Mutations

You have very sharp teeth.
Your uncanny sense of smell can sniff out nearby items.
Your experience applies equally to all skills.


Message History

You feel very sick. The hornet stings you.
You are more poisoned.
You feel as though you will be slow longer.
The hornet stings you.
You are more poisoned.
You feel as though you will be slow longer.
You impale the hornet!! You freeze the hornet. Your bite misses the hornet.
* * * LOW HITPOINT WARNING * * *
You feel extremely sick. The hornet barely misses you. x3
Okay, then.
Blink to where?
As you read the scroll of blinking, it crumbles to dust.
* * * LOW HITPOINT WARNING * * *
You feel very sick.
The +8 morningstar "Ymiacof" {freeze, rC- Will++ Int+3} stops glowing.
a - a +0 longbow (weapon)
* * * LOW HITPOINT WARNING * * *
You feel sick.
Fire: a) +0 longbow
Aim: a hornet (almost dead, 54% to hit)
You shoot an arrow. The arrow closely misses the hornet.
* * * LOW HITPOINT WARNING * * *
You feel very sick.
Fire: a) +0 longbow
Aim: a hornet (almost dead, 54% to hit)
You shoot an arrow. The arrow barely misses the hornet.
* * * LOW HITPOINT WARNING * * *
You feel very sick. The hornet stings you.
* * * LOW HITPOINT WARNING * * *
You are more poisoned.
You feel as though you will be slow longer.
The hornet closely misses you.
Fire: a) +0 longbow
Aim: a hornet (almost dead, 54% to hit)
You shoot an arrow. The arrow hits the hornet!
You kill the hornet!
You die...

..###. #......#
###.#### #.#
#.# ##.######
#.#
........###.#
##.####.....# ∆
..###..####
#.#.@....#
#.#†####.#
#.#.# .# #...#
# #..## #..#
#.#####.##
........# ∆
.##........<..#


There were no monsters in sight!

Vanquished Creatures
  Pikel (D:6)
  A hornet (D:7)
  Sigmund (D:2)
  Eustachio (D:5)
  Menkaure (D:5)
  An ice beast (D:5)
  A black bear (D:6)
  4 ogres
  A phantom (D:6)
  A scorpion (D:5)
  3 necrophages
  A bullfrog (D:6)
  A hound (D:5)
  2 jellies
  An orc priest (D:5)
  Crazy Yiuf (D:2)
  Ijyb (D:3)
  2 iguanas (D:4)
  An orc wizard (D:5)
  Terence (D:2)
  Robin (D:2)
  4 gnolls (D:3)
  9 adders
  A shadow imp (D:5)
  2 ufetubi (D:4)
  8 worms
  2 dart slugs
  12 orcs
  8 ball pythons
  7 endoplasms
  2 giant cockroaches
  9 goblins
  9 hobgoblins
  3 jackals (D:4)
  4 quokkas
  A bat (D:3)
  3 frilled lizards
  3 kobolds
  3 rats
118 creatures vanquished.

Vanquished Creatures (others)
  4 fungi (D:2)
  8 plants (D:2)
12 creatures vanquished.

Grand Total: 130 creatures vanquished

Notes
Turn   | Place    | Note
-------+----------+-------------------------------------------
     0 | D:1      | ILmort the Gnoll Hunter began the quest for the Orb.
     0 | D:1      | Reached XP level 1. HP: 20/20 MP: 1/1
   258 | D:1      | Reached XP level 2. HP: 26/26 MP: 2/2
   821 | D:2      | Noticed Terence
   824 | D:2      | Killed Terence
   825 | D:2      | Reached skill level 1 in Invocations
   825 | D:2      | Reached XP level 3. HP: 31/31 MP: 2/4
   871 | D:2      | Reached skill level 1 in Short Blades
   871 | D:2      | Reached skill level 1 in Long Blades
   871 | D:2      | Reached skill level 1 in Axes
   871 | D:2      | Reached skill level 1 in Maces & Flails
   871 | D:2      | Reached skill level 1 in Polearms
   871 | D:2      | Reached skill level 1 in Staves
   871 | D:2      | Reached skill level 1 in Throwing
   871 | D:2      | Reached skill level 1 in Armour
   871 | D:2      | Reached skill level 1 in Shields
   871 | D:2      | Reached skill level 1 in Unarmed Combat
   871 | D:2      | Reached skill level 1 in Spellcasting
   871 | D:2      | Reached skill level 1 in Evocations
   884 | D:2      | Identified the +8 morningstar "Ymiacof" {freeze, rC- Will++
                  | Int+3}
   897 | D:2      | Reached XP level 4. HP: 38/38 MP: 5/5
   966 | D:2      | Found a faded altar of an unknown god.
  1062 | D:2      | Noticed Sigmund
  1074 | D:2      | Killed Sigmund
  1075 | D:2      | Reached skill level 1 in Conjurations
  1075 | D:2      | Reached skill level 1 in Hexes
  1075 | D:2      | Reached skill level 1 in Summonings
  1075 | D:2      | Reached skill level 1 in Necromancy
  1075 | D:2      | Reached skill level 1 in Translocations
  1075 | D:2      | Reached skill level 1 in Transmutations
  1075 | D:2      | Reached skill level 1 in Fire Magic
  1075 | D:2      | Reached skill level 1 in Ice Magic
  1075 | D:2      | Reached skill level 1 in Air Magic
  1075 | D:2      | Reached skill level 1 in Earth Magic
  1075 | D:2      | Reached skill level 1 in Poison Magic
  1075 | D:2      | Reached XP level 5. HP: 34/43 MP: 5/7
  1075 | D:2      | Reached XP level 6. HP: 39/50 MP: 5/8
  1203 | D:2      | Noticed Robin
  1210 | D:2      | Killed Robin
  1275 | D:2      | Reached skill level 5 in Fighting
  1275 | D:2      | Reached skill level 5 in Dodging
  1490 | D:2      | Found a runed translucent door.
  1491 | D:2      | Noticed Crazy Yiuf
  1815 | D:3      | Noticed Ijyb
  1827 | D:3      | Killed Ijyb
  2881 | D:2      | Killed Crazy Yiuf
  3128 | D:4      | Reached XP level 7. HP: 55/55 MP: 10/10
  3926 | D:5      | Entered Level 5 of the Dungeon
  3943 | D:5      | Noticed Menkaure
  3953 | D:5      | Reached skill level 9 in Ranged Weapons
  3958 | D:5      | Killed Menkaure
  3958 | D:5      | Noticed Eustachio
  4084 | D:6      | Reached XP level 8. HP: 33/63 MP: 12/12
  4323 | D:6      | Noticed Pikel
  4340 | D:6      | Killed Pikel
  4554 | D:6      | Found a staircase to the Ecumenical Temple.
  4561 | Temple   | Entered the Ecumenical Temple
  4612 | Temple   | Became a worshipper of Hepliaklqana the Forgotten
  4942 | D:6      | Reached XP level 9. HP: 42/69 MP: 14/14
  5085 | D:5      | Killed Eustachio
  5153 | D:5      | Noticed a balrug
  5154 | D:5      | Found a burning altar of Makhleb.
  5158 | D:5      | Found a glowing silver altar of Zin.
  5158 | D:5      | Noticed an angel
  5604 | D:5      | Found an opulent altar of Gozag.
  5672 | D:5      | Reached skill level 5 in Stealth
  5939 | D:5      | Learned a level 3 spell: Gell's Gravitas
  5976 | D:7      | Identified a scroll of acquirement
  5977 | D:7      | Acquired the ring of Ynnul {rC+ rN+ Int+4}
  6012 | D:7      | Noticed kthxbai's ghost (novice DEEE)
  6066 | D:7      | Noticed a hornet
  6081 | D:7      | Killed a hornet
  6081 | D:7      | Succumbed to a hornet's poison

Illustrated notes

Levels and vault maps discovered:
D:1:      dpeg_arrival_round_c, layout_basic, nrook_mini_vaults, st_stairs_8,
          kennysheep_boxes
D:2:      layout_basic, shapermc_ecumenical_altar_mp_ritualfount, uniq_terence,
          uniq_sigmund, uniq_crazy_yiuf_cottage, uniq_robin
D:3:      layout_loops_ring, uniq_ijyb
D:4:      layout_gridville
D:5:      layout_rooms, nicolae_gozag_seed_capital,
          grunt_temple_overflow_order_and_chaos_2, kennysheep_donut,
          hangedman_decor_slide_cut, uniq_menkaure, uniq_eustachio
D:6:      layout_rooms, temple_statues, uniq_pikel
D:7:      layout_rooms, enter_ossuary_2, hellmonk_ghost_happy_afterlife,
          enter_bailey_4
Temple:   nicolae_temple_superstar

Skill      XL: |  1  2  3  4  5  6  7  8  9 |
---------------+----------------------------+-----
Invocations    | 1 2 3 4 |  4.8
Short Blades   | 1 2 3 4 |  4.4
Long Blades    | 1 2 3 4 |  4.4
Axes           | 1 2 3 4 |  4.4
Maces & Flails | 1 2 3 4 |  4.4
Polearms       | 1 2 3 4 |  4.4
Staves         | 1 2 3 4 |  4.4
Throwing       | 1 2 3 4 |  4.4
Armour         | 1 2 3 4 |  4.4
Shields        | 1 2 3 4 |  4.4
Unarmed Combat | 1 2 3 4 |  4.4
Spellcasting   | 1 2 3 4 |  4.4
Evocations     | 1 2 3 4 |  4.4
Stealth        | 3 4 5 |  5.0
Conjurations   | 1 2 3 |  3.6
Hexes          | 1 2 3 |  3.6
Summonings     | 1 2 3 |  3.6
Necromancy     | 1 2 3 |  3.6
Translocations | 1 2 3 |  3.6
Transmutations | 1 2 3 |  3.6
Fire Magic     | 1 2 3 |  3.6
Ice Magic      | 1 2 3 |  3.6
Air Magic      | 1 2 3 |  3.6
Earth Magic    | 1 2 3 |  3.6
Poison Magic   | 1 2 3 |  3.6
Fighting       | 5 6 |  6.4
Dodging        | 5 6 |  6.4
Ranged Weapons | 9 |  9.6

Action                   |  1- 3 |  4- 6 |  7- 9 || total
-------------------------+-------+-------+-------++-------
Melee: Morningstar       |       |    28 |    29 ||    57
       Bite              |       |     2 |     2 ||     4
       Punch             |       |       |     2 ||     2
 Fire: Shortbow          |    26 |       |       ||    26
       Longbow           |    22 |    99 |   159 ||   280
  Use: Scroll            |       |       |    10 ||    10
 Stab: Sleeping          |       |     1 |       ||     1
       Distracted        |       |     1 |       ||     1
Armor: Leather armour    |     1 |     9 |    33 ||    43
Dodge: Dodged            |     3 |    35 |    58 ||    96
